Map: Catalyst LE

Players

Hellraiser

  • Race: Protoss Protoss
  • Spawn Location: 5:00

Snute - Winner!

  • Race: Zerg Zerg
  • Spawn Location: 11:00

Event: IEM Season 12 - Katowice

VOD

Have the link to the VOD?

Description

Time

  • Played on: Feb. 27, 2018, 6:03 a.m.
  • Length: 9:43

All games in this series

Show
View Real Time Build Order
Export as new Build Order

Hellraiser Protoss 

Build Orders: 1 Gate Expand, Phoenix Opening 

Get SALT Encoding   

  12  0:00  Probe  
  13  0:13  Probe  
  14  0:20  Pylon  
  14  0:26  Probe  
  15  0:39  Probe (Chrono Boost)  
  15  0:40  Gateway  
  16  0:47  Probe (Chrono Boost)  
  16  0:49  Assimilator  
  17  0:53  Probe  
  18  1:05  Probe  
  19  1:23  Nexus  
  19  1:26  Probe  
  20  1:39  Cybernetics Core  
  20  1:41  Probe  
  20  1:46  Assimilator  
  21  1:53  Probe  
  22  1:55  Pylon  
  22  2:06  Probe  
  23  2:14  Adept (Chrono Boost)  
  25  2:18  Probe  
  26  2:25  Stargate  
  26  2:32  Adept (Chrono Boost)  
  26  2:33  Probe (Chrono Boost)  
  26  2:35  Probe (Chrono Boost)  
  30  2:39  Warp Gate  
  32  2:44  Probe (Chrono Boost)  
  32  2:46  Probe (Chrono Boost)  
  32  2:49  Probe (Chrono Boost)  
  32  2:53  Adept  
  32  2:54  Probe  
  36  3:02  Probe  
  37  3:06  Probe  
  37  3:07  Phoenix (Chrono Boost)  
  40  3:17  Gateway  
  40  3:18  Probe  
  42  3:21  Twilight Council  
  42  3:23  Probe  
  42  3:30  Probe  
  42  3:32  Gateway  
  43  3:35  Probe  
  43  3:38  Pylon  
  44  3:44  Probe, Pylon  
  44  3:47  Probe  
  46  3:48  Resonating Glaives (Chrono Boost)  
  46  3:58  Adept  
  46  3:59  Probe  
  46  4:00  Probe  
  50  4:03  Assimilator  
  50  4:04  Pylon  
  50  4:10  Pylon  
  50  4:11  Probe  
  50  4:12  Probe  
  52  4:17  Pylon  
  52  4:18  Oracle  
  52  4:23  Probe  
  56  4:24  Probe  
  56  4:30  Robotics Facility  
  57  4:38  Probe  
  58  4:42  Adept x3  
  64  4:49  Pylon  
  64  4:53  Pylon  
  64  4:57  Forge, Assimilator  
  63  5:02  Adept  
  63  5:04  Adept  
  63  5:05  Probe  
  63  5:06  Probe  
  67  5:17  Probe  
  67  5:18  Probe  
  67  5:19  Warp Prism (Chrono Boost)  
  67  5:20  Adept  
  67  5:25  Adept  
  67  5:26  Adept  
  67  5:27  Protoss Ground Weapons Level 1 (Chrono Boost)  
  65  5:38  Nexus  
  65  5:48  Probe  
  65  5:49  Probe, Robotics Bay  
  67  5:53  Sentry  
  69  5:58  Adept  
  69  5:59  Adept  
  69  6:01  Probe x2  
  74  6:09  Immortal  
  74  6:19  Pylon  
  74  6:22  Adept x3  
  80  6:30  Charge (Chrono Boost)  
  80  6:38  Nexus  
  80  6:39  Pylon  
  80  6:48  Probe, Disruptor (Chrono Boost)  
  80  6:49  Pylon  
  80  6:58  Gateway  
  80  7:00  Gateway  
  79  7:03  Gateway  
  79  7:04  Adept x3  
  79  7:07  Pylon  
  85  7:17  Disruptor (Chrono Boost)  
  85  7:21  Pylon  
  85  7:22  Pylon  
  84  7:23  Pylon  
  84  7:25  Cybernetics Core  
  80  7:39  Zealot x3  
  81  7:49  Disruptor (Chrono Boost)  
  81  7:58  Zealot x2  
  81  7:59  Zealot  
  81  8:03  Zealot, Sentry x2  
  93  8:19  Observer (Chrono Boost)  
  94  8:20  Nexus  
  94  8:22  Pylon  
  94  8:29  Probe x2  
  96  8:35  Colossus (Chrono Boost)  
  102  8:49  Gravitic Drive (Chrono Boost)  
  102  8:56  Probe x2  
  102  8:59  Shield Battery  
  104  9:11  Pylon, Gateway  
  110  9:20  Sentry  
  110  9:21  Sentry  
  116  9:28  Templar Archives  
  116  9:35  Stalker x3  
  116  9:36  Stalker  
Show
View Real Time Build Order
Export as new Build Order

Snute Zerg - Winner!

Build Orders: Hatch First 

Get SALT Encoding   

  12  0:00  Drone  
  13  0:12  Overlord  
  13  0:16  Drone  
  14  0:30  Drone x2  
  14  0:34  Drone  
  17  0:51  Hatchery  
  17  0:54  Drone  
  17  0:57  Drone  
  17  1:00  Extractor  
  17  1:14  Spawning Pool  
  17  1:17  Drone  
  17  1:20  Drone  
  18  1:28  Drone  
  19  1:38  Overlord  
  19  1:49  Drone  
  20  2:00  Drone, Queen  
  23  2:03  Queen  
  23  2:06  Metabolic Boost  
  25  2:10  Zergling x2  
  25  2:13  Zergling x2  
  27  2:17  Drone  
  27  2:22  Drone  
  29  2:24  Drone  
  30  2:32  Drone  
  30  2:35  Drone  
  32  2:46  Hatchery  
  32  2:48  Queen  
  33  2:52  Overlord  
  33  2:55  Zergling x2  
  33  2:57  Zergling x2  
  35  2:59  Zergling x2  
  36  3:11  Drone x3  
  36  3:12  Drone x3  
  42  3:16  Overlord  
  42  3:17  Drone  
  43  3:21  Drone  
  44  3:33  Queen x2  
  48  3:35  Drone  
  48  3:36  Drone  
  48  3:38  Drone  
  48  3:40  Drone  
  52  3:44  Overlord  
  52  3:47  Overlord  
  52  3:53  Spore Crawler  
  52  3:55  Spore Crawler, Overlord  
  50  4:03  Drone x4  
  54  4:10  Lair  
  54  4:14  Drone x3  
  57  4:18  Drone x3  
  57  4:20  Drone  
  61  4:24  Extractor  
  61  4:27  Roach Warren  
  61  4:29  Drone, Extractor  
  61  4:30  Drone  
  61  4:31  Extractor  
  59  4:35  Drone x3  
  62  4:39  Drone  
  62  4:40  Drone x2  
  62  4:42  Drone x2  
  62  4:45  Overlord  
  67  4:47  Overlord  
  66  4:55  Zergling x10  
  66  4:58  Overlord  
  71  5:04  Zergling x4  
  73  5:08  Zergling x8  
  74  5:16  Overlord  
  74  5:21  Drone x5  
  71  5:25  Drone x2, Glial Reconstitution  
  72  5:29  Drone x2  
  72  5:30  Drone  
  75  5:36  Roach x2  
  75  5:41  Roach x3  
  85  5:52  Roach  
  85  5:53  Roach x3  
  85  5:56  Overlord  
  92  6:04  Drone x5  
  92  6:09  Overlord x2  
  97  6:17  Roach x4  
  105  6:22  Overlord  
  104  6:26  Overlord  
  104  6:31  Ravager x7, Hydralisk Den  
  104  6:32  Zergling x8  
  114  6:39  Zergling x12  
  120  6:49  Zergling x4  
  120  6:50  Zergling x8  
  126  6:56  Zergling x10  
  131  7:07  Overlord  
  131  7:08  Grooved Spines  
  131  7:09  Hydralisk  
  131  7:10  Hydralisk x2  
  131  7:13  Hydralisk  
  136  7:17  Overlord x2  
  136  7:18  Overlord  
  132  7:27  Overlord  
  132  7:28  Drone  
  132  7:29  Drone x6  
  135  7:30  Spire  
  135  7:31  Extractor x2  
  116  7:45  Drone x3  
  116  7:46  Drone x2  
  108  8:03  Drone  
  108  8:04  Drone  
  110  8:06  Evolution Chamber, Hatchery  
  110  8:07  Zergling x12  
  114  8:15  Baneling Nest  
  114  8:16  Hatchery  
  112  8:20  Muscular Augments  
  112  8:23  Zergling x4  
  112  8:24  Zergling x6  
  117  8:36  Overlord  
  117  8:44  Mutalisk  
  117  8:45  Mutalisk x9  
  136  8:50  Extractor  
  136  8:52  Mutalisk  
  136  8:53  Extractor  
  136  8:58  Drone x5  
  141  9:06  Mutalisk  
  141  9:09  Zergling x8  
  147  9:12  Overlord  
  147  9:16  Hydralisk  
  147  9:17  Hydralisk x3  
  147  9:19  Hatchery  
  156  9:24  Overlord  

Tags
 
Add a new tag
Caveats
  • Supply blocks, unpowered buildings, or Contaminate may cause inaccurate times.
  • Supply counts are checked every 10 seconds.